 Dungeon Crawl Stone Soup version 0.21.1-1-g345015f (webtiles) character file.

169 Zhenya24pyc the Cudgeler (level 5, -10/34 HPs)
             Began as a Gargoyle Fighter on Feb 7, 2018.
             Mangled by an ogre
             ... wielding a +0 giant spiked club
              (13 damage)
             ... on level 4 of the Dungeon.
             The game lasted 00:04:10 (2587 turns).

Zhenya24pyc the Cudgeler (Gargoyle Fighter)         Turns: 2587, Time: 00:04:11

Health: -10/34     AC: 10    Str: 20    XL:     5   Next: 50%
Magic:  5/5        EV:  7    Int: 15    God:
Gold:   156        SH:  9    Dex:  9    Spells: 4/4 levels left

rFire    . . .     SeeInvis .   a - +0 flail
rCold    . . .     Gourm    .   c - +0 shield
rNeg     + . .     Faith    .   b - +0 scale mail
rPois    ∞         Spirit   .   (no helmet)
rElec    +         Reflect  .   (no cloak)
rCorr    .         Harm     .   (no gloves)
MR       .....                  (no boots)
Stlth    ..........             (no amulet)
HPRegen  0.11/turn              n - +6 ring of intelligence
MPRegen  0.09/turn              (no ring)

@: no status effects
A: negative energy resistance 1, electricity resistance, unbreathing,
petrification resistance, rot immunity, AC +4
a: no special abilities


You were on level 4 of the Dungeon.
You were not hungry.

You visited 1 branch of the dungeon, and saw 5 of its levels.

You collected 156 gold pieces.

Inventory:

Hand Weapons
 a - a +0 flail (weapon)
Armour
 b - a +0 scale mail (worn)
 c - a +0 shield (worn)
Jewellery
 n - a +6 ring of intelligence (left hand)
 r - a cursed ring of teleportation {unknown}
Scrolls
 e - 3 scrolls of teleportation {unknown}
 g - 4 scrolls of identify {unknown}
 h - 4 scrolls of amnesia {unknown}
 k - 2 scrolls of remove curse {unknown}
 l - a scroll of enchant armour {unknown}
 m - 3 scrolls of fear {unknown}
 o - a scroll of magic mapping {unknown}
 u - a scroll of random uselessness {unknown}
Potions
 d - a potion of might
 i - 2 potions of curing {unknown}
 j - a potion of magic {unknown}
 p - a potion of heal wounds {unknown}
 s - a potion of lignification {unknown}
Books
 q - a book of Changes

   Spells                             Type                      Level
   a - Beastly Appendage              Transmutation                1
   b - Sticks to Snakes               Transmutation                2
   c - Spider Form                    Transmutation/Poison         3
   d - Ice Form                       Ice/Transmutation            4
   e - Blade Hands                    Transmutation                5
Comestibles
 f - 9 rations


   Skills:
 + Level 4.6 Fighting
 * Level 4.6 Maces & Flails
 - Level 3.2 Armour
 - Level 3.2 Shields


You had 4 spell levels left.
You didn't know any spells.

Dungeon Overview and Level Annotations

Branches:
Dungeon (5/15)
 Temple: D:4-7

Altars:
Trog
Yredelemnul


Innate Abilities, Weirdness & Mutations

You are resistant to torment.
Your stone body is resilient. (AC +4)
You are immune to poison.
You resist negative energy. (rN+)
You are resistant to electric shocks. (rElec)
You can survive without breathing.
You are immune to petrification.
You are immune to rotting.


Message History

You are too injured to fight recklessly!
The crimson imp blinks!
The crimson imp hits you.
* * * LOW HITPOINT WARNING * * *
The crimson imp blinks!
All of the chunks of flesh in your inventory have rotted away.
The crimson imp blinks!
There is a stone staircase leading up here.
The ogre closely misses you.
You climb upwards.
There is a stone staircase leading down here.
You climb downwards.
There is a stone staircase leading up here.
The ogre hits you with a giant spiked club!
* * * LOW HITPOINT WARNING * * *
You climb upwards.
There is a stone staircase leading down here.
There is a stone staircase leading up here.
The ogre hits you with a giant spiked club!
You die...

#..#
#.####.#
##†#
#...##>#
#.#
###....#
#.#
###..#
#.##
#..#
#..#
#..# #
####
##..##
###
#O...#
..#
#@...#
###
#....#
######


You could see an ogre.

Vanquished Creatures
  2 worker ants
  4 adders
  An adder skeleton (D:2)
  A worm (D:2)
  A dart slug (D:1)
  2 leopard geckos
  An orc (D:3)
  6 giant cockroaches
  7 goblins
  6 hobgoblins
  5 jackals
  7 kobolds
  A quokka (D:2)
  11 bats
  5 frilled lizards
  A quokka zombie (D:5)
  9 rats
70 creatures vanquished.

Notes
Turn   | Place    | Note
-------+----------+-------------------------------------------
     0 | D:1      | Zhenya24pyc the Gargoyle Fighter began the quest for the Orb.
     0 | D:1      | Reached XP level 1. HP: 14/14 MP: 1/1
   118 | D:1      | Reached XP level 2. HP: 17/19 MP: 2/2
   307 | D:1      | Reached XP level 3. HP: 22/24 MP: 3/3
   814 | D:2      | Reached XP level 4. HP: 27/29 MP: 4/4
   898 | D:2      | Found a basalt altar of Yredelemnul.
  1016 | D:2      | Found a bloodstained altar of Trog.
  1739 | D:3      | Reached XP level 5. HP: 34/34 MP: 5/5
  2498 | D:5      | Entered Level 5 of the Dungeon
  2533 | D:5      | Noticed an ogre
  2587 | D:4      | Mangled by an ogre

Skill      XL: |  1  2  3  4 |
---------------+-------------+-----
Maces & Flails | 3 4 |  4.6
Fighting       | 4 |  4.6
Armour         | |  3.2
Shields        | |  3.2

Action                   |  1- 3 |  4- 6 || total
-------------------------+-------+-------++-------
Melee: Flail             |   114 |   234 ||   348
  Eat: Chunk             |       |     6 ||     6
Armor: Scale mail        |    69 |   142 ||   211
Dodge: Dodged            |    36 |    95 ||   131
Block: Shield            |    66 |   126 ||   192
